 Dungeon Crawl Stone Soup version 0.31.0-4-g52a2dc7128 (webtiles) character file.

Game seed: 15244887328922523435

1924168 inmateoo the Executioner (level 27, 232/232 HPs)
             Began as a Demonspawn Berserker on Jan 21, 2024.
             Was the Champion of Trog.
             Escaped with the Orb
             ... and 3 runes!
             The game lasted 01:26:33 (54987 turns).

inmateoo the Executioner (Demonspawn Berserker)    Turns: 54987, Time: 01:26:34

Health: 232/232    AC: 40    Str: 25    XL:     27
Magic:  32/32      EV: 22    Int: 14    God:    Trog [******]
Gold:   8647       SH: 23    Dex: 14    Spells: 26/26 levels left

rFire   + + +        U - +8 broad axe of Lachrymose Defence {heavy, Fly rC+ rN+}
rCold   + + .        f - +5 Storm Queen's Shield {shock, Fly rElec}
rNeg    + + +        w - melded +2 plate armour {rF+}
rPois   ∞            (helmet unavailable)
rElec   +            N - scarf of Huqeirav {rC+ rF+, Int+5}
rCorr   +            g - melded +2 pair of gloves
SInv    +            I - melded +2 pair of boots
Will    +++..        t - macabre finger necklace {Finger+ rN+}
Stlth   +            b - ring of Joha {Will+ MP+9 Str-3 SInv}
HPRegen 0.58/turn    L - ring of resist corrosion
MPRegen 0.23/turn    r - ring "Bel Esyicur" {Wiz Fly rElec rF++ Str+3}

%: clarity, wizardry (x1)
@: statue-form, flying, studying Polearms, very slow
A: slow and powerful, torment resistance 1, boosted hp, horns 3, slimy green
scales 3, icemail 2, powered by death 3, augmentation 3, condensation shield,
clarity, deformed body, dopey 1, frail 2, screaming 2, weak 1, evolution 1,
inability to drink after injury 1, inability to read after injury 1, MP-powered
wands
0: Orb of Zot
}: 3/15 runes: serpentine, barnacled, silver
a: Begin Untransformation, Renounce Religion, Berserk, Trog's Hand, Brothers in
Arms


You escaped.
You worshipped Trog.
Trog was exalted by your worship.
You were a living statue of rough stone.
You visited 10 branches of the dungeon, and saw 50 of its levels.
You visited the Abyss 2 times.
You visited 3 bazaars.
You also visited: Trove, Gauntlet, Ice Cave, Volcano and Desolation.

You collected 11974 gold pieces.
You spent 3327 gold pieces at shops.

Inventory:

Hand Weapons
 a - a +9 broad axe of protection
 U - the +8 broad axe of Lachrymose Defence (weapon) {heavy, Fly rC+ rN+}
   (You found it on level 3 of the Depths)

   rC+:       It protects you from cold.
   rN+:       It protects you from negative energy.
   Fly:       It grants you flight.
Missiles
 W - 4 throwing nets (quivered)
Armour
 f - the +5 Storm Queen's Shield (worn) {shock, Fly rElec}
   (You found it in the Desolation of Salt)

   Shock:     When it blocks an attack, it may electrocute the attacker.
   This works even against foes who are a short distance away.
   rElec:     It insulates you from electricity.
   Fly:       It grants you flight.
 g - a +2 pair of gloves (melded)
 w - a +2 plate armour of fire resistance (melded)
 x - the +2 cloak "Athroff" {rC- Regen+ rCorr Stlth+}
   (You found it in a Gauntlet)

   rC-:       It makes you vulnerable to cold.
   Regen+:    It increases your rate of health regeneration.
   rCorr:     It protects you from acid and corrosion.
   Stlth+:    It makes you more stealthy.
 I - a +2 pair of boots (melded)
 N - the scarf of Huqeirav (worn) {rC+ rF+, Int+5}
   (You bought it in a shop on level 1 of the Snake Pit)

   Int+5:     It affects your intelligence (+5).
Jewellery
 b - the ring of Joha (left fist) {Will+ MP+9 Str-3 SInv}
   (You found it on level 3 of the Depths)

   [ring of magical power]

   Str-3:     It affects your strength (-3).
   Will+:     It increases your willpower.
   MP+9:      It affects your magic capacity (+9).
   SInv:      It lets you see invisible.
 m - a +5 ring of evasion
 r - the ring "Bel Esyicur" (on amulet) {Wiz Fly rElec rF++ Str+3}
   (You found it on level 3 of the Depths)

   [ring of wizardry]

   Wiz:       It improves your spell success rate.
   Str+3:     It affects your strength (+3).
   rF++:      It greatly protects you from fire.
   rElec:     It insulates you from electricity.
   Fly:       It grants you flight.
 t - the macabre finger necklace (around neck) {Finger+ rN+}
   (You bought it in a shop on level 4 of the Snake Pit)

   [amulet of nothing]

   Finger+:   It enables you to equip an extra ring.
   rN+:       It protects you from negative energy.
 G - the ring "Juarchi" {rC+ Dex+2}
   (You found it in the Desolation of Salt)

   [ring of protection from cold]

   Dex+2:     It affects your dexterity (+2).
   rC+:       It protects you from cold.
 J - the ring "Utonkufi" {Fly rN+ Dex+6 Stlth+}
   (You found it in the Desolation of Salt)

   [ring of dexterity]

   Dex+6:     It affects your dexterity (+6).
   rN+:       It protects you from negative energy.
   Fly:       It grants you flight.
   Stlth+:    It makes you more stealthy.
 L - a ring of resist corrosion (right fist)
 M - a ring of see invisible
 P - a ring of ice
 X - an amulet of regeneration
Talismans
 z - a granite talisman (active)
 K - a talisman of death
Wands
 i - a wand of digging (3)
 j - a wand of paralysis (51)
 u - a wand of roots (72)
 v - a wand of mindburst (51)
 C - a wand of polymorph (6)
 H - a wand of acid (33)
Scrolls
 d - 28 scrolls of identify
 o - 29 scrolls of teleportation
 q - a scroll of revelation
 s - 9 scrolls of enchant armour
 y - 9 scrolls of immolation
 A - 3 scrolls of silence
 F - 12 scrolls of blinking
 R - 4 scrolls of fear
 T - 3 scrolls of fog
Potions
 c - 4 potions of haste
 e - 29 potions of curing
 h - 7 potions of resistance
 k - 12 potions of might
 l - 9 potions of enlightenment
 n - 6 potions of invisibility
 p - 2 potions of berserk rage
 B - 7 potions of magic
 D - 11 potions of heal wounds
 S - 2 potions of attraction
 V - 2 potions of ambrosia
Miscellaneous
 O - a phantom mirror


   Skills:
 + Level 19.9 Fighting
 * Level 24.2 Axes
 + Level 18.2 Armour
 + Level 21.0 Dodging
 + Level 17.1 Shields
 + Level 20.7 Shapeshifting


You had 26 spell levels left.
You didn't know any spells.
Your spell library was empty.

Dungeon Overview and Level Annotations

Branches:
Dungeon (15/15)            Temple (0/1) D:7            Lair (5/5) D:9
 Shoals (4/4) Lair:3        Snake (4/4) Lair:3        Slime (0/5) Lair:5
    Orc (2/2) D:12            Elf (3/3) Orc:2        Vaults (5/5) D:13
  Crypt (3/3) Vaults:3       Tomb (0/3) Crypt:3      Depths (4/4) D:15
    Zot (5/5) Depths:4      IceCv (visited)         Volcano (visited)
Desolation (visited)      Gauntlet (visited)

Altars:
Ashenzari
Kikubaaqudgha
Trog
Vehumet
Wu Jian
Jiyva

Shops:
D:1 [   D:2 =   D:9 *   Orc:1 ?   Orc:2 ***:([   Elf:1 :   Elf:2 *   Shoals:2 (
Snake:1 (*=?[   Snake:2 *   Snake:3 *   Snake:4 =:=   Vaults:1 [   Vaults:2 [
Vaults:3 [   Depths:4 *(

Portals:
Hell: Depths:1 Depths:2 Depths:3 Depths:4
Abyss: Depths:1 Depths:3 Depths:4
Pandemonium: Depths:2
Ziggurat: Depths:4

Annotations:
D:14 3 runed translucent doors, MirrMurr's ghost, journeyman GrBe


Innate Abilities, Weirdness & Mutations

You are a living statue of rough stone.
Your actions are slow, but your melee attacks are powerful.
You are resistant to unholy torment.
Your maximum health is greatly increased.
Your equipment is partially melded.
You are immune to poison.
You have a pair of large horns on your head.
(You are completely covered in slimy green scales. (AC +4, rPois))
A meltable icy envelope protects you from harm. (AC +8)
You regenerate a lot of health from kills.
Your magical and physical power is greatly enhanced at high health.
A meltable shield of frost defends you. (SH +4)
You possess an exceptional clarity of mind.
Armour fits poorly on your strangely shaped body.
You are dopey. (Int -2)
You are very frail. (-20% HP)
You frequently scream uncontrollably at your foes.
You are weak. (Str -2)
You have hidden genetic potential.
You occasionally lose the ability to drink potions when taking damage.
You occasionally lose the ability to read scrolls when taking damage.
You expend magic power (3 MP) to strengthen your wands.


Message History

You fly upwards.
There is a stone staircase leading down here.
HP restored.
You scream at the toenail golem!
A toenail golem comes into view.
The toenail golem hits you but does no damage.
You block the toenail golem's attack.
You chop the toenail golem into pieces!!!
You destroy the toenail golem!
Trog accepts your kill.
No target in view!
No target in view!
Press: ? - help, v - describe, . - travel The floor.
This square is covered in magical glow.
You see here a +0 ring mail.
There is a stone staircase leading up here.
You fly upwards.
There is a stone staircase leading down here.
You see here a +0 whip.
An Orb Guardian comes into view.
You block the Orb Guardian's attack.
Your shield discharges, shocking the Orb Guardian!
The Orb Guardian barely misses you.
You see here a +0 whip.
You hit the Orb Guardian but do no damage.
You headbutt the Orb Guardian.
The Orb Guardian is lightly wounded.
You block the Orb Guardian's attack.
Your shield discharges, shocking the Orb Guardian!
You block the Orb Guardian's attack.
You open the Orb Guardian like a pillowcase!!!
You headbutt the Orb Guardian.
You kill the Orb Guardian!
Trog accepts your kill.
No target in view!
No target in view!
There is an open door here.
There is a staircase leading out of the dungeon here.
You have escaped!

..#### #...##.##........# # ..##
########.##........# ## #..# ≈#
#.##........# #. ##.##≈#
#..........## #. #..≈≈#
#..#.......#########.
##~≈########..########..........
#.~# #..##..#### #......####
###.≈# #..#...'..# #......#
..#~~# #..#..##.8# ####.###
..#~~# #..'..##..# #####.#
..≈≈.# #'##..##### ##.....#
.~≈≈.# #.'..#########..#####
..≈#.# ###..#....#....## ..##.#
#...'....#.#### .....#
#..#######.#
..(.######..###....#
........###.##..####


There were no monsters in sight!

Vanquished Creatures
  4 dread liches
  6 ancient liches
  2 juggernauts (Depths:3)
  7 orbs of fire (Zot:5)
  Boris (4 times) (Elf:3 Depths:4 Crypt:1 Zot:5)
  2 Killer Klowns (Zot:5)
  The ghost of Woadakig the Executioner, a veteran FoFi of Dithmenos (Crypt:2)
  Margery (Vaults:4)
  5 curse toes
  The ghost of Caat Rau the Warrior, an adept DgCj (Depths:1)
  5 golden dragons
  Nikola (Shoals:4)
  3 bone dragons
  A Brimstone Fiend (D:12)
  6 electric golems
  An iron giant (Depths:3)
  A hellephant (Vaults:4)
  13 tentacled monstrosities
  Mlioglotl (Shoals:3)
  8 liches
  27 Orb Guardians
  Asterion (Elf:2)
  3 deep elf blademasters
  2 deep elf master archers (Elf:3)
  2 sphinxes (Vaults:5)
  2 Executioners
  5 titans
  7 death cobs
  A walking divine tome (Depths:3)
  3 quicksilver dragons
  3 tengu reavers (Vaults:5)
  3 ancient champions
  2 krakens (Shoals:1)
  The ghost of Tang the Devastator, an adept TeAE of Sif Muna (Shoals:1)
  A tentacled starspawn (Abyss:2)
  14 storm dragons
  Kirke (Shoals:1)
  16 shadow dragons
  5 revenants
  8 frost giants
  Donald (Shoals:4)
  A protean progenitor (Zot:2)
  5 nagarajas (Snake:4)
  3 draconian knights
  The ghost of Ettath the Severer, a journeyman HOFi of Okawaru (Shoals:2)
  The ghost of Lepuefeh the Tortoise, a journeyman MiBe of Trog (Orc:2)
  The ghost of Rygut the Fighter, a journeyman DrFi of Ashenzari (Orc:2)
  3 draconian monks
  10 draconian shifters
  9 fire giants
  3 imperial myrmidons (Desolation)
  4 draconian scorchers
  5 deep elf elementalists
  2 balrugs
  3 draconian stormcallers
  8 deep elf sorcerers
  3 ghost moths
  26 vault wardens
  8 ghouls (Crypt:1)
  3 juggernaut zombies
  Louise (Shoals:4)
  3 curse skulls
  5 reapers
  3 orc warlords
  A spectral juggernaut (Depths:3)
  21 ironbound preservers
  15 stone giants
  A demonspawn blood saint (Zot:2)
  A caustic shrike skeleton (Crypt:3)
  The ghost of Igieh the Carver, a journeyman DsFi of Hepliaklqana (Elf:1)
  9 draconian annihilators
  The ghost of ymhsbmbesitwf the Eclecticist, a journeyman DjIE of the Shining One (Lair:5)
  2 juggernaut skeletons
  16 very ugly things
  14 ironbound thunderhulks
  7 deep elf demonologists
  2 halazid warlocks (Desolation)
  11 green draconians
  6 vampire knights
  12 deep elf death magi
  4 war gargoyles (Vaults:5)
  6 purple draconians
  12 yellow draconians
  7 deep elf annihilators
  10 red draconians
  9 black draconians
  3 lorocyprocas
  A minotaur (Gauntlet)
  6 spark wasps
  11 white draconians
  The ghost of phunky83 the Reanimator, a journeyman FeSu of Jiyva (Orc:1)
  11 eidola
  14 dire elephants
  12 ettins
  The ghost of Gobbopathe the Fighter, a journeyman OpSh of Wu Jian (Orc:1)
  Snorg (Lair:3)
  5 merfolk javelineers
  Josephine (Lair:4)
  A crystal guardian (Desolation)
  3 quicksilver dragon zombies
  2 blizzard demons
  A green death (Gauntlet)
  An entropy weaver (Vaults:1)
  7 fire dragons
  A mummy priest (Crypt:3)
  3 ragged hierophants (Desolation)
  5 merfolk impalers
  5 deep elf high priests
  The ghost of Ciata the Cleaver, a journeyman MiBe of Trog (Orc:1)
  A spectral golden dragon (Crypt:2)
  17 yaktaur captains
  A spectral sphinx (Depths:3)
  13 great orbs of eyes
  Fannar (Lair:3)
  2 rakshasas
  3 spriggan zombies
  5 ice dragons
  5 jiangshi
  A spectral spriggan (Crypt:2)
  A caustic shrike simulacrum (IceCv)
  3 salamander tyrants
  40 vault guards
  A spectral tengu (Depths:3)
  A spectral shadow dragon (Crypt:2)
  3 merfolk avatars
  5 ogre magi
  2 catoblepae
  4 hydras
  11 peacekeepers (Desolation)
  A sphinx zombie (Depths:3)
  3 spriggan air magi
  10 ironbound frosthearts
  3 anacondas
  5 servants of whispers (Desolation)
  20 two-headed ogres
  A spectral frost giant (Depths:3)
  6 tengu warriors
  2 alligator snapping turtles
  4 boulder beetles
  12 naga warriors
  21 dancing weapons
  A death knight (Crypt:2)
  15 centaur warriors
  14 death yaks
  7 deep troll earth magi
  8 deep troll shamans
  5 merfolk aquamancers
  5 spriggan berserkers
  4 orc high priests
  A spectral dire elephant (Crypt:2)
  A thrashing horror (Abyss:2)
  13 naga sharpshooters
  4 vampire magi
  3 spriggans (Depths:4)
  An occultist (Depths:2)
  25 deep elf knights
  Nergalle (Lair:3)
  9 hell knights
  3 shock serpents (Snake:4)
  2 wretched stars (Abyss:2)
  5 salamander mystics
  2 sun demons
  6 soul eaters (Crypt:3)
  A titan skeleton (Crypt:1)
  A shadow wraith (Crypt:2)
  An emperor scorpion zombie (Crypt:3)
  7 skysharks
  A skyshark (shapeshifter) (Vaults:2)
  20 skeletal warriors
  12 glowing orange brains
  A storm dragon skeleton (Depths:1)
  8 iron trolls
  54 deep trolls
  A golden dragon zombie (Depths:3)
  A bunyip zombie (Crypt:3)
  2 tengu zombies
  A sun moth (shapeshifter) (Vaults:2)
  15 deep elf archers
  A death drake (Abyss:2)
  A swamp dragon (Depths:3)
  2 flayed ghosts
  2 spriggan simulacra
  12 sea snakes
  11 lindwurms
  6 mana vipers
  Lodul (D:13)
  4 anaconda skeletons
  7 bog bodies
  18 arcanists
  23 ironbound convokers
  23 phantasmal warriors
  An orange crystal statue (Zot:5)
  5 naga ritualists
  30 deep elf pyromancers
  7 orc knights
  19 starcursed masses (Abyss:2)
  An obsidian statue (IceCv)
  18 harpies
  A shadow dragon skeleton (Crypt:3)
  A spectral hydra (Crypt:2)
  25 deep elf zephyrmancers
  A fenstrider witch simulacrum (Crypt:1)
  18 necromancers
  16 cyclopes
  A stone giant zombie (Crypt:3)
  11 salamanders
  2 kobold blastminers (Orc:2)
  3 wolf spiders (Crypt:3)
  9 manticores
  A sphinx simulacrum (Depths:3)
  3 orc sorcerers
  10 elephants
  12 fauns
  A mana viper zombie (Crypt:1)
  2 worldbinders (Abyss:2)
  4 large abominations
  48 ugly things
  20 moths of wrath
  A salamander (shapeshifter) (Depths:3)
  2 alligator skeletons (Volcano)
  2 toenail golems
  An elephant (shapeshifter) (Vaults:5)
  2 centaur zombies (Crypt:3)
  A meliai (shapeshifter) (Elf:1)
  8 merfolk sirens
  An alligator snapping turtle zombie (Crypt:3)
  27 black mambas
  4 water nymphs
  Joseph (Lair:1)
  20 vault sentinels
  An eye of devastation (Abyss:2)
  5 guardian serpents
  14 naga magi
  A smoke demon (Depths:1)
  8 cane toads
  2 centaur skeletons
  3 torpor snails
  8 gargoyles
  2 unseen horrors
  A dire elephant skeleton (Crypt:3)
  41 yaktaurs
  2 kobold demonologists
  3 ancient zymes (Abyss:2)
  A grey draconian skeleton (Crypt:2)
  18 freezing wraiths
  7 rime drakes
  A purple draconian skeleton (Crypt:2)
  2 ice devils (IceCv)
  9 komodo dragons
  A guardian mummy (Crypt:3)
  2 golden dragon simulacra
  4 tengu conjurers
  6 anaconda simulacra (IceCv)
  16 merfolk
  2 red devils
  2 harpy zombies (Crypt:3)
  8 wind drakes
  7 hornets
  5 polar bears
  12 trolls
  A wolf spider simulacrum (D:15)
  52 saltlings (Desolation)
  2 tarantellas (shapeshifter)
  A tarantella zombie (Crypt:1)
  13 hellwings (Crypt:3)
  5 harpy skeletons
  17 dream sheep
  Grinder (D:3)
  2 alligator simulacra (IceCv)
  5 raiju (Abyss:2)
  8 snapping turtles
  An ettin zombie (Crypt:3)
  26 blink frogs
  3 jumping spiders (Crypt:3)
  A fire giant simulacrum (Depths:1)
  An iron dragon simulacrum (Crypt:2)
  A centaur simulacrum (D:14)
  28 slime creatures
  A culicivora (shapeshifter) (Vaults:5)
  A spriggan (shapeshifter) (D:15)
  44 yaks
  9 shadows
  4 air elementals
  A ynoxinul (Abyss:2)
  8 wyverns
  7 dire elephant simulacra (IceCv)
  A hog (shapeshifter) (D:14)
  A yak (shapeshifter) (D:15)
  6 basilisks
  23 water elementals
  11 wraiths
  3 hogs (Shoals:1)
  2 fire elementals (Elf:1)
  A steam dragon (D:6)
  6 wargs
  A minotaur simulacrum (IceCv)
  16 vampire mosquitoes
  A glowing shapeshifter zombie (Crypt:2)
  6 redbacks (Crypt:3)
  A chaos spawn (Abyss:2)
  36 nagas
  A demonspawn zombie (Crypt:1)
  5 harpy simulacra
  2 naga zombies (Crypt:3)
  A swamp worm (shapeshifter) (Vaults:5)
  5 acid dragons
  2 hydra simulacra
  A cane toad zombie (Crypt:1)
  7 water moccasins
  A deep troll skeleton (Crypt:2)
  28 orc warriors
  13 laughing skulls
  3 ice beasts
  4 black bears
  5 ettin simulacra
  24 ogres
  A blink frog zombie (Crypt:1)
  6 centaurs
  15 wolves
  2 phantoms (D:6)
  A kobold brigand (D:7)
  A vine stalker zombie (Crypt:2)
  A weeping skull (Volcano)
  11 bullfrogs
  3 gnoll sergeants
  3 scorpions
  2 necrophages (Crypt:1)
  A two-headed ogre simulacrum (Crypt:1)
  2 deep troll simulacra (IceCv)
  2 earth elementals
  5 wights (D:9)
  6 wyvern skeletons (Crypt:3)
  A raiju zombie (Crypt:1)
  4 howler monkeys
  4 troll skeletons
  4 spriggan skeletons
  3 electric eels
  3 jellies (D:6)
  4 lava snakes (Lair:1)
  A bombardier beetle (D:4)
  8 orc priests
  2 gnoll boudas
  3 hounds
  An iron imp (Abyss:2)
  An iguana (D:4)
  20 orc wizards
  A sleepcap (D:5)
  A killer bee zombie (Crypt:2)
  A naga skeleton (Volcano)
  2 mummies (Crypt:3)
  21 gnolls
  9 adders
  A shadow imp (D:7)
  2 white imps
  A ribbon worm zombie (Crypt:1)
  7 ufetubi
  A ribbon worm (D:3)
  3 dart slugs
  58 orcs
  6 ball pythons
  9 endoplasms
  5 giant cockroaches
  5 goblins
  8 hobgoblins
  4 bats
  3 frilled lizards
  A goblin skeleton (Crypt:2)
  12 kobolds
  4 rats
  A river rat skeleton (Crypt:2)
  A spectral weapon (Elf:2)
  8 tentacles (Shoals:1)
2427 creatures vanquished.

Vanquished Creatures (collateral kills)
  The ghost of tilp the Severer, an adept MiBe of Trog (Shoals:2)
  The ghost of Voleoc the Protected, a journeyman GrFi of Okawaru (Orc:1)
  A freezing wraith (IceCv)
3 creatures vanquished.

Vanquished Creatures (others)
  A lich (Vaults:3)
  A draconian knight (Zot:4)
  A vault warden (Vaults:5)
  An ogre mage (Vaults:5)
  A boulder beetle (D:14)
  A two-headed ogre (Depths:3)
  A dancing weapon (Elf:2)
  7 deep elf knights
  A phantasmal warrior (Vaults:3)
  2 deep elf pyromancers
  A merfolk siren (Shoals:4)
  A water elemental (Shoals:4)
  A human (Shoals:1)
  3 tentacles (Shoals:1)
23 creatures vanquished.

Grand Total: 2453 creatures vanquished

Notes
Turn   | Place    | Note
-------+----------+-------------------------------------------
     0 | D:1      | inmateoo the Demonspawn Berserker began the quest for the
                  | Orb.
     0 | D:1      | Reached XP level 1. HP: 18/18 MP: 1/1
   170 | D:1      | Gained mutation: You regenerate a little health from kills.
                  | [demonic ancestry]
   170 | D:1      | Reached XP level 2. HP: 17/24 MP: 2/2
   172 | D:1      | Reached skill level 3 in Axes
   453 | D:1      | Found Captuisch's Armour Shoppe.
   780 | D:2      | Found Wos Liu's Jewellery Shoppe.
   791 | D:2      | Reached XP level 3. HP: 21/29 MP: 3/3
   904 | D:2      | Reached ** piety under Trog
  1673 | D:3      | Reached XP level 4. HP: 22/35 MP: 4/4
  1972 | D:3      | Noticed Grinder
  1983 | D:3      | Gained mutation: You have a pair of small horns on your
                  | head. [demonic ancestry]
  1983 | D:3      | Reached XP level 5. HP: 42/42 MP: 5/5
  1992 | D:3      | Killed Grinder
  1993 | D:3      | Reached skill level 4 in Axes
  1993 | D:3      | Reached XP level 6. HP: 48/48 MP: 6/6
  2554 | D:4      | Reached skill level 5 in Axes
  2554 | D:4      | Gained mutation: A meltable shield of frost defends you.
                  | (SH +4) [demonic ancestry]
  2554 | D:4      | Reached XP level 7. HP: 39/55 MP: 7/7
  3349 | D:5      | Entered Level 5 of the Dungeon
  3359 | D:5      | Reached *** piety under Trog
  3516 | D:5      | Reached skill level 5 in Fighting
  3605 | D:5      | Gained mutation: You are partially covered in slimy green
                  | scales. (AC +2) [demonic ancestry]
  3605 | D:5      | Reached XP level 8. HP: 62/62 MP: 8/8
  3664 | D:5      | Reached skill level 6 in Axes
  4050 | D:6      | Found an ornate altar of the Wu Jian Council.
  4499 | D:6      | Reached skill level 7 in Axes
  4762 | D:7      | Found a staircase to the Ecumenical Temple.
  4828 | D:7      | Reached skill level 5 in Armour
  4832 | D:7      | Reached skill level 5 in Dodging
  4851 | D:7      | Gained mutation: You have a pair of horns on your head.
                  | [demonic ancestry]
  4851 | D:7      | Reached XP level 9. HP: 47/69 MP: 9/9
  5428 | D:8      | Reached skill level 8 in Axes
  5429 | D:8      | Noticed a two-headed ogre
  5451 | D:7      | Reached **** piety under Trog
  5525 | D:8      | Killed a two-headed ogre
  5578 | D:8      | Gained mutation: Your magical and physical power is
                  | slightly enhanced at high health. [demonic ancestry]
  5578 | D:8      | Reached XP level 10. HP: 79/79 MP: 10/10
  5579 | D:8      | Reached skill level 9 in Axes
  5634 | D:8      | Noticed a gargoyle
  5643 | D:8      | Killed a gargoyle
  5762 | D:8      | Noticed a manticore
  5770 | D:8      | Killed a manticore
  6278 | D:9      | Noticed a two-headed ogre
  6285 | D:9      | Killed a two-headed ogre
  6286 | D:9      | Reached skill level 1 in Shields
  6330 | D:9      | Found a staircase to the Lair.
  6476 | D:9      | Reached skill level 10 in Axes
  6511 | D:9      | Found Kaynt's General Store.
  6522 | D:9      | Bought a potion of curing for 39 gold pieces
  6720 | D:9      | Gained mutation: You are mostly covered in slimy green
                  | scales. (AC +3) [demonic ancestry]
  6720 | D:9      | Reached XP level 11. HP: 86/86 MP: 11/11
  6741 | D:9      | Found an ancient bone altar of Kikubaaqudgha.
  6757 | D:9      | Found a radiant altar of Vehumet.
  6928 | D:10     | Entered Level 10 of the Dungeon
  6974 | D:10     | Noticed a sixfirhy
  7628 | D:11     | Found a flickering gateway to a bazaar.
  7640 | Bazaar   | Entered a bazaar
  7640 | Bazaar   | Found Eploid's Magic Scroll Emporium.
  7642 | Bazaar   | Found Unkec's Assorted Antiques.
  7663 | Bazaar   | Found Fueffewn's Distillery.
  7670 | Bazaar   | Found Taudepraben's Armour Emporium.
  7734 | Bazaar   | Bought a potion of heal wounds for 55 gold pieces
  7734 | Bazaar   | Bought a potion of haste for 110 gold pieces
  7734 | Bazaar   | Bought a potion of might for 44 gold pieces
  7734 | Bazaar   | Bought a potion of heal wounds for 55 gold pieces
  7734 | Bazaar   | Bought a potion of heal wounds for 55 gold pieces
  7734 | Bazaar   | Bought a potion of mutation for 88 gold pieces
  7734 | Bazaar   | Bought 2 potions of might for 88 gold pieces
  7755 | Bazaar   | Bought a scroll of enchant weapon for 97 gold pieces
  7755 | Bazaar   | Bought a scroll of blinking for 97 gold pieces
  7886 | D:11     | Noticed a boulder beetle
  7900 | D:11     | Killed a boulder beetle
  8057 | D:11     | Noticed a two-headed ogre
  8072 | D:11     | Killed a two-headed ogre
  8320 | D:12     | Reached skill level 11 in Axes
  8383 | D:12     | Found a staircase to the Orcish Mines.
  8436 | D:12     | Noticed a brown ugly thing
  8443 | D:12     | Killed a brown ugly thing
  8650 | D:12     | Noticed a brown ugly thing
  8656 | D:12     | Killed a brown ugly thing
  9214 | Lair:1   | Entered Level 1 of the Lair of Beasts
  9290 | Lair:1   | Reached XP level 12. HP: 76/95 MP: 12/12
  9369 | Lair:1   | Noticed Joseph
  9386 | Lair:1   | Killed Joseph
  9578 | Lair:1   | Reached skill level 1 in Shapeshifting
  9710 | Lair:1   | Noticed a boulder beetle
  9725 | Lair:1   | Killed a boulder beetle
  9872 | Lair:1   | Reached skill level 5 in Shields
  9874 | Lair:1   | Reached skill level 12 in Axes
  9879 | Lair:1   | Reached ***** piety under Trog
 10629 | Lair:2   | Reached skill level 10 in Fighting
 10678 | Lair:2   | Noticed a death yak
 10678 | Lair:2   | Noticed a death yak
 10680 | Lair:2   | Noticed a death yak
 10681 | Lair:2   | Noticed a death yak
 10685 | Lair:2   | Killed a death yak
 10688 | Lair:2   | Killed a death yak
 10695 | Lair:2   | Killed a death yak
 10702 | Lair:2   | Killed a death yak
 11939 | Lair:3   | Found a staircase to the Snake Pit.
 11973 | Lair:3   | Noticed Nergalle
 11997 | Lair:3   | Killed Nergalle
 11998 | Lair:3   | Gained mutation: Your magical and physical power is
                  | enhanced at high health. [demonic ancestry]
 11998 | Lair:3   | Reached XP level 13. HP: 70/101 MP: 13/13
 12024 | Lair:3   | Gained mutation: You regenerate health from kills. [demonic
                  | ancestry]
 12024 | Lair:3   | Reached XP level 14. HP: 64/108 MP: 14/14
 12640 | Lair:3   | Found a staircase to the Shoals.
 12653 | Lair:3   | Noticed Fannar
 12667 | Lair:3   | Killed Fannar
 12761 | Lair:3   | Noticed Snorg
 12772 | Lair:3   | Killed Snorg
 13375 | Lair:4   | Found a dark tunnel.
 13386 | Volcano  | Entered a volcano
 13437 | Volcano  | Reached skill level 10 in Shapeshifting
 13450 | Volcano  | Received a gift from Trog
 14087 | Lair:4   | Noticed Josephine
 14097 | Lair:4   | Killed Josephine
 14641 | Lair:5   | Entered Level 5 of the Lair of Beasts
 15585 | Lair:5   | Gained mutation: You have a pair of large horns on your
                  | head. [demonic ancestry]
 15585 | Lair:5   | Reached XP level 15. HP: 93/115 MP: 15/15
 15673 | Lair:5   | Found a staircase to the Slime Pits.
 15835 | Lair:5   | Found a runed translucent gate.
 15835 | Lair:5   | Found a runed translucent gate.
 15835 | Lair:5   | Found a runed translucent gate.
 15835 | Lair:5   | Noticed ymhsbmbesitwf's ghost (journeyman DjIE)
 16530 | Lair:5   | Identified the +7 rapier "Natotel" {elec, rElec Dex+4
                  | Stlth+}
 16695 | Lair:5   | Killed ymhsbmbesitwf's ghost
 17393 | D:13     | Reached skill level 15 in Shapeshifting
 17417 | D:13     | Received a gift from Trog
 18169 | D:13     | Found a gate to the Vaults.
 18275 | D:13     | Noticed Lodul
 18538 | D:13     | Killed Lodul
 18775 | D:14     | Gained mutation: You regenerate a lot of health from kills.
                  | [demonic ancestry]
 18775 | D:14     | Reached XP level 16. HP: 120/122 MP: 16/16
 18843 | D:14     | Found a runed translucent gate.
 18843 | D:14     | Found a runed translucent gate.
 18843 | D:14     | Found a runed translucent gate.
 18878 | D:14     | Found a gate leading to a gauntlet.
 18887 | Gauntlet | Entered a Gauntlet
 18887 | Gauntlet | Found a transporter.
 18896 | Gauntlet | Found a transporter.
 18912 | Gauntlet | Found a transporter.
 18916 | Gauntlet | Found a transporter.
 18918 | Gauntlet | Found a large runed translucent door.
 18918 | Gauntlet | Found a large runed translucent door.
 18919 | Gauntlet | Found a large runed translucent door.
 18920 | Gauntlet | Found a large runed translucent door.
 18920 | Gauntlet | Found a large runed translucent door.
 18920 | Gauntlet | Found a runed translucent door.
 18921 | Gauntlet | Found a large runed translucent door.
 18922 | Gauntlet | Found a large runed translucent door.
 18923 | Gauntlet | Found a large runed translucent door.
 18923 | Gauntlet | Found a large runed translucent door.
 18924 | Gauntlet | Found a runed translucent gate.
 18934 | Gauntlet | Found a transporter.
 18934 | Gauntlet | Found a runed translucent gate.
 18935 | Gauntlet | Found a runed translucent gate.
 18936 | Gauntlet | Found a large runed translucent door.
 18936 | Gauntlet | Found a large runed translucent door.
 18937 | Gauntlet | Found a large runed translucent door.
 18938 | Gauntlet | Found a large runed translucent door.
 18947 | Gauntlet | Found a large runed translucent door.
 18947 | Gauntlet | Found a large runed translucent door.
 18947 | Gauntlet | Found a runed translucent door.
 18947 | Gauntlet | Found a transporter.
 18948 | Gauntlet | Found a large runed translucent door.
 18953 | Gauntlet | Found a transporter.
 18954 | Gauntlet | Found a transporter.
 18974 | Gauntlet | Found a transporter.
 18999 | Gauntlet | Found a transporter.
 19001 | Gauntlet | Found a transporter.
 19003 | Gauntlet | Found a runed translucent door.
 19005 | Gauntlet | Found a runed translucent door.
 19009 | Gauntlet | Found a transporter.
 19082 | Gauntlet | Identified the +2 cloak "Athroff" {rC- Regen+ rCorr Stlth+}
 19123 | Gauntlet | Identified the +2 broad axe of Luxury {antimagic, Stlth+}
 19123 | Gauntlet | Identified the +3 ring mail of Dexotru {Rampage rC++ Str-2
                  | Stlth+}
 19221 | D:14     | Noticed MirrMurr's ghost (journeyman GrBe)
 19511 | D:14     | Found a viscous altar of Jiyva.
 19546 | D:15     | Entered Level 15 of the Dungeon
 20285 | D:15     | Found a staircase to the Depths.
 20756 | Orc:1    | Entered Level 1 of the Orcish Mines
 20775 | Orc:1    | Found a bloodstained altar of Trog.
 20937 | Orc:1    | Found a runed translucent gate.
 20938 | Orc:1    | Found a runed translucent gate.
 20939 | Orc:1    | Found a runed translucent gate.
 20939 | Orc:1    | Noticed Gobbopathe's ghost (journeyman OpSh)
 20940 | Orc:1    | Noticed Ciata's ghost (journeyman MiBe)
 20940 | Orc:1    | Noticed phunky83's ghost (journeyman FeSu)
 20941 | Orc:1    | Noticed Voleoc's ghost (journeyman GrFi)
 21081 | Orc:1    | Found Goshrioc's Magic Scroll Shop.
 21243 | Orc:1    | Killed Ciata's ghost
 21248 | Orc:1    | Killed Voleoc's ghost
 21249 | Orc:1    | Killed Gobbopathe's ghost
 21254 | Orc:1    | Killed phunky83's ghost
 21318 | Orc:2    | Entered Level 2 of the Orcish Mines
 21318 | Orc:2    | Found Afuveas's Antique Weapon Shoppe.
 21540 | Orc:2    | Found Ahyewi's Antique Armour Boutique.
 21548 | Orc:2    | Bought a pair of embroidered boots for 232 gold pieces
 21560 | Orc:2    | Found a runed translucent gate.
 21568 | Orc:2    | Found a runed translucent gate.
 21568 | Orc:2    | Found a runed translucent gate.
 21572 | Orc:2    | Noticed Lepuefeh's ghost (journeyman MiBe)
 21572 | Orc:2    | Noticed Rygut's ghost (journeyman DrFi)
 21586 | Orc:2    | Found Xeablumi's Book Shop.
 21597 | Orc:2    | Reached skill level 13 in Axes
 21649 | Orc:2    | Received a gift from Trog
 21869 | Orc:2    | Found Hatwi's General Store.
 21877 | Orc:2    | Bought a potion of heal wounds for 55 gold pieces
 21879 | Orc:2    | Found a staircase to the Elven Halls.
 22113 | Orc:2    | Found Geweasozu's General Store.
 22117 | Orc:2    | Found Ynom's Specific Store.
 22125 | Orc:2    | Bought a potion of mutation for 120 gold pieces
 22125 | Orc:2    | Bought 2 potions of curing for 90 gold pieces
 22125 | Orc:2    | Bought a scroll of revelation for 112 gold pieces
 22472 | Orc:2    | Killed Rygut's ghost
 22482 | Orc:2    | Killed Lepuefeh's ghost
 22875 | Snake:1  | Entered Level 1 of the Snake Pit
 22897 | Snake:1  | Found Yhonekka's Weapon Boutique.
 22899 | Snake:1  | Found Xuqy Zas's Magic Scroll Emporium.
 22910 | Snake:1  | Bought a scroll of enchant weapon for 97 gold pieces
 22910 | Snake:1  | Bought a scroll of teleportation for 39 gold pieces
 22910 | Snake:1  | Bought a scroll of teleportation for 39 gold pieces
 22910 | Snake:1  | Bought a scroll of revelation for 97 gold pieces
 22910 | Snake:1  | Bought a scroll of teleportation for 39 gold pieces
 22910 | Snake:1  | Bought a scroll of revelation for 97 gold pieces
 22916 | Snake:1  | Found Oxaefeets's Jewellery Emporium.
 22916 | Snake:1  | Found Dutimad's Armour Shop.
 22917 | Snake:1  | Found Xeretun's Assorted Antiques.
 22920 | Snake:1  | Bought a distressingly furry scarf for 300 gold pieces
 22920 | Snake:1  | Identified the scarf of Huqeirav {rC+ rF+, Int+5} (You
                  | bought it in a shop on level 1 of the Snake Pit)
 22920 | Snake:1  | Bought a peridot ring for 150 gold pieces
 22920 | Snake:1  | Bought a scroll of teleportation for 90 gold pieces
 22925 | Snake:1  | Bought a ring of protection from cold for 450 gold pieces
 22980 | Snake:1  | Found a glacial archway.
 23005 | IceCv    | Entered an ice cave
 23152 | IceCv    | Reached skill level 10 in Armour
 23359 | IceCv    | Found an ancient bone altar of Kikubaaqudgha.
 23496 | IceCv    | Gained mutation: A meltable icy envelope protects you from
                  | harm. (AC +8) [demonic ancestry]
 23496 | IceCv    | Reached XP level 17. HP: 131/131 MP: 17/17
 23516 | IceCv    | Noticed a lich
 23520 | IceCv    | Killed a lich
 23996 | Snake:1  | Received a gift from Trog
 24354 | Snake:2  | Identified a scroll of acquirement
 24354 | Snake:2  | Acquired a manual of Dodging
 24402 | Snake:2  | Reached skill level 10 in Dodging
 24704 | Snake:2  | Found Puheu's General Store.
 24717 | Snake:2  | Reached skill level 14 in Axes
 25284 | Snake:3  | Identified the +5 scale mail of the Northern Lights {Str+4
                  | Int+6 Dex+2}
 25374 | Snake:3  | Found Vaubuggo's General Store.
 25972 | Snake:4  | Entered Level 4 of the Snake Pit
 26025 | Snake:4  | Found Kimirphepp's Jewellery Emporium.
 26026 | Snake:4  | Found Gistryko's Book Shop.
 26027 | Snake:4  | Found Ozileguw's Jewellery Emporium.
 26701 | Snake:4  | Received a gift from Trog
 26812 | Snake:4  | Got a serpentine rune of Zot
 27104 | Shoals:1 | Entered Level 1 of the Shoals
 27119 | Shoals:1 | Noticed Kirke
 27124 | Shoals:1 | Killed Kirke
 27125 | Shoals:1 | Reached XP level 18. HP: 140/140 MP: 18/18
 27596 | Shoals:1 | Noticed Tang's ghost (adept TeAE)
 27610 | Shoals:1 | Found a transporter.
 27612 | Shoals:1 | Found a transporter.
 27826 | Abyss:2  | Cast into level 2 of the Abyss (a deep elf sorcerer)
 28034 | Abyss:2  | Found a transporter.
 28085 | Abyss:2  | Received a gift from Trog
 28091 | Abyss:2  | Paralysed by accursed screaming for 1 turns
 28118 | Abyss:2  | Reached skill level 15 in Axes
 28127 | Shoals:1 | Escaped the Abyss
 28410 | Shoals:1 | Killed Tang's ghost
 28422 | Shoals:1 | Identified the ring "Mubiotz" {rF+ rC- AC+4 Str+3 Dex+3}
 28510 | Shoals:2 | Found Rahaocas's Antique Weapon Boutique.
 28640 | Shoals:2 | Found a runed translucent gate.
 28726 | Shoals:2 | Reached skill level 10 in Shields
 28729 | Shoals:2 | Received a gift from Trog
 28803 | Shoals:2 | Found a runed translucent gate.
 28803 | Shoals:2 | Found a runed translucent gate.
 28803 | Shoals:2 | Noticed Ettath's ghost (journeyman HOFi)
 28804 | Shoals:2 | Noticed tilp's ghost (adept MiBe)
 29102 | Shoals:2 | Killed Ettath's ghost
 29105 | Shoals:2 | Killed tilp's ghost
 29457 | Shoals:3 | Identified the +1 scale mail of Makhleb's Outrage {Str+4}
 29710 | Shoals:4 | Entered Level 4 of the Shoals
 29729 | Shoals:4 | Noticed Louise
 29733 | Shoals:4 | Noticed Donald
 29742 | Shoals:4 | Killed Louise
 29743 | Shoals:4 | Killed Donald
 29747 | Shoals:4 | Received a gift from Trog
 29753 | Shoals:4 | Noticed Mlioglotl
 29761 | Shoals:3 | Killed Mlioglotl
 30215 | Shoals:4 | Reached XP level 19. HP: 149/149 MP: 19/19
 30646 | Shoals:4 | Noticed Nikola
 30656 | Shoals:4 | Killed Nikola
 30657 | Shoals:4 | Reached skill level 16 in Axes
 30792 | Shoals:4 | Got a barnacled rune of Zot
 31196 | Vaults:1 | Entered Level 1 of the Vaults
 31292 | Vaults:1 | Found a crumbling gateway.
 31299 | Desolati | Entered the Desolation of Salt
 31343 | Desolati | Found the +3 crown of Dyrovepreva {rElec Int+2 SInv}
 31362 | Desolati | Identified the ring "Juarchi" {rC+ Dex+2}
 31400 | Desolati | Received a gift from Trog
 31427 | Desolati | Identified the ring "Utonkufi" {Fly rN+ Dex+6 Stlth+}
 31515 | Desolati | Found the +5 Storm Queen's Shield {shock, Fly rElec}
 31541 | Desolati | Identified the +3 scale mail of Limited Liability {*Corrode
                  | Int+7}
 31542 | Desolati | Identified the +1 great sword "Zieklif" {holy, Str+5 Dex+4}
 31543 | Desolati | Identified the +0 chain mail of Impressiveness {rF- Int+5}
 31633 | Desolati | Reached ****** piety under Trog
 31633 | Desolati | Received a gift from Trog
 31783 | Desolati | Identified the amulet "Voodeuzidgh" {Faith Str+5 Dex-5}
 31790 | Desolati | Identified the +0 ring mail "Teiconao" {Harm rPois}
 31796 | Desolati | Identified the ring "Debec" {Fly Int+3}
 31800 | Desolati | Identified the +6 scale mail of Turopin {-Cast rElec rF+
                  | rN+}
 31807 | Desolati | Identified the +0 chain mail "Xiozeg" {Harm +Inv rC- SInv}
 32672 | Vaults:1 | Found Neas's Antique Armour Boutique.
 32930 | Vaults:1 | Reached XP level 20. HP: 158/158 MP: 20/20
 33098 | Vaults:2 | Received a gift from Trog
 33101 | Vaults:2 | Reached skill level 17 in Axes
 33162 | Vaults:2 | Identified the +3 war axe of Monaeqo {spect, Fly Str+3}
 33406 | Vaults:2 | Identified the +5 hand axe of Uncomfortable Rashes {flame,
                  | Dex+3} (Trog gifted it to you on level 2 of the Vaults)
 33406 | Vaults:2 | Received a gift from Trog
 33934 | Vaults:2 | Found Kaduessi's Armour Shop.
 34023 | Vaults:2 | Identified the +1 war axe "Ulez" {pain, rElec}
 34184 | Vaults:2 | Found a portal to a secret trove of treasure.
 34189 | Vaults:2 | You paid a toll of 7 potions of haste to enter a treasure
                  | trove
 34190 | Trove    | Entered a treasure trove
 34208 | Trove    | Identified the ring "Paithaxt" {Ice rPois Str-4 Dex+3 SInv}
 34637 | Vaults:3 | Received a gift from Trog
 34686 | Vaults:3 | Reached skill level 15 in Dodging
 34832 | Vaults:3 | Found Ruot's Antique Armour Shop.
 34845 | Vaults:3 | Identified the +1 robe of Resilience {SInv}
 35280 | Vaults:3 | Found a staircase to the Crypt.
 35740 | Vaults:4 | Found a flickering gateway to a bazaar.
 35753 | Bazaar   | Entered a bazaar
 35753 | Bazaar   | Found Gacram's Antique Armour Emporium.
 35753 | Bazaar   | Found Luepriu's Antique Armour Shop.
 35753 | Bazaar   | Found Geqazur's Book Shoppe.
 35755 | Bazaar   | Found Erchel's Weapon Boutique.
 35755 | Bazaar   | Found Jeurgh's Book Shoppe.
 35860 | Vaults:4 | Gained mutation: Your magical and physical power is greatly
                  | enhanced at high health. [demonic ancestry]
 35860 | Vaults:4 | Reached XP level 21. HP: 166/166 MP: 21/21
 35909 | Vaults:4 | Reached skill level 18 in Axes
 36072 | Vaults:4 | Received a gift from Trog
 36255 | Vaults:4 | Noticed Margery
 36272 | Vaults:4 | Killed Margery
 36312 | Vaults:4 | Reached skill level 15 in Fighting
 36846 | Elf:1    | Entered Level 1 of the Elven Halls
 37164 | Elf:1    | Received a gift from Trog
 37185 | Elf:1    | Found a runed translucent door.
 37189 | Elf:1    | Noticed Igieh's ghost (journeyman DsFi)
 37189 | Elf:1    | Found the +4 skin of Zhor {*Englaciate rC+++ SInv}
 37201 | Elf:1    | Killed Igieh's ghost
 37473 | Elf:1    | Found Nuirut's Book Emporium.
 37596 | Elf:2    | Found Jettonal's Neck Hole.
 37735 | Elf:2    | Received a gift from Trog
 37810 | Elf:2    | Found a runed translucent gate.
 37812 | Elf:2    | Found a runed translucent gate.
 37817 | Elf:2    | Found a runed translucent gate.
 38184 | Elf:2    | Identified the -2 kite shield "Imeec" {+Inv Dex+4}
 38184 | Elf:2    | Noticed Asterion
 38191 | Elf:2    | Killed Asterion
 38442 | Elf:3    | Entered Level 3 of the Elven Halls
 38528 | Elf:3    | Noticed Boris
 38540 | Elf:3    | Killed Boris
 38633 | Elf:3    | Received a gift from Trog
 38643 | Elf:3    | Reached XP level 22. HP: 176/176 MP: 22/22
 38739 | Elf:3    | Paralysed by an air elemental for 1 turns
 39498 | Elf:3    | Identified the ring of Zixkib Hoam {Str+6 Slay+3}
 39641 | Elf:3    | Identified the +2 spear "Duitaakk" {holy, Int-2 Dex+5}
 39710 | Elf:3    | Identified the +10 mace of Fragile Peace {freeze, Dex+2}
 39713 | Elf:3    | Reached skill level 19 in Axes
 39785 | Elf:3    | Received a gift from Trog
 39786 | Elf:3    | Identified the staff "Viuqien" {rPois SInv Alchemy}
 39793 | Abyss:2  | Cast into level 2 of the Abyss (a deep elf demonologist)
 39869 | Elf:3    | Escaped the Abyss
 39897 | Elf:3    | Identified the +6 falchion of Detieclau {antimagic, rElec
                  | rC+}
 40590 | Depths:1 | Entered Level 1 of the Depths
 40608 | Depths:1 | Found a flickering gateway to a bazaar.
 40620 | Bazaar   | Entered a bazaar
 40624 | Bazaar   | Found Yplawoefru's Jewellery Shop.
 40645 | Bazaar   | Found Vit Hesi's Assorted Antiques.
 40652 | Bazaar   | Bought a potion of curing for 72 gold pieces
 40741 | Bazaar   | Found Kogidapta's Weapon Shoppe.
 40825 | Depths:1 | Found a gateway to Hell.
 40829 | Depths:1 | Received a gift from Trog
 40868 | Depths:1 | Found a one-way gate to the infinite horrors of the Abyss.
 41154 | Depths:1 | Found a large runed translucent door.
 41155 | Depths:1 | Found a large runed translucent door.
 41157 | Depths:1 | Noticed Caat Rau's ghost (adept DgCj)
 41202 | Depths:1 | Identified the +7 chain mail of Hangman {rN+ Will- Regen+}
 41289 | Depths:1 | Killed Caat Rau's ghost
 41403 | Depths:2 | Found a one-way gate leading to the halls of Pandemonium.
 41574 | Depths:2 | Received a gift from Trog
 41593 | Depths:2 | Noticed an ancient lich
 41598 | Depths:2 | Killed an ancient lich
 41761 | Depths:2 | Reached XP level 23. HP: 184/184 MP: 23/23
 42248 | Depths:3 | Reached skill level 15 in Armour
 42334 | Depths:3 | Reached skill level 20 in Axes
 42346 | Depths:3 | Noticed a dread lich
 42351 | Depths:3 | Killed a dread lich
 42389 | Depths:3 | Noticed an ancient lich
 42394 | Depths:3 | Killed an ancient lich
 42443 | Depths:3 | Identified the +8 broad axe of Lachrymose Defence {heavy,
                  | Fly rC+ rN+}
 42615 | Depths:3 | Received a gift from Trog
 42631 | Depths:3 | Noticed a juggernaut
 42641 | Depths:3 | Killed a juggernaut
 42658 | Depths:3 | Noticed a juggernaut
 42665 | Depths:3 | Killed a juggernaut
 42674 | Depths:3 | Received a gift from Trog
 42725 | Depths:3 | Identified the ring of Joha {Will+ MP+9 Str-3 SInv}
 42846 | Depths:3 | Identified the ring "Bel Esyicur" {Wiz Fly rElec rF++
                  | Str+3}
 43116 | Depths:4 | Entered Level 4 of the Depths
 43138 | Depths:4 | Noticed Boris
 43146 | Depths:4 | Killed Boris
 43190 | Depths:4 | Found Dunguik's Antique Weapon Shoppe.
 43260 | Depths:4 | Found Fubum's Assorted Antiques.
 43380 | Depths:4 | Found a one-way gateway to a ziggurat.
 43559 | Depths:4 | Identified the +10 long sword "Qicvol" {freeze, rC+++ MP+9
                  | Str+3}
 43618 | Depths:4 | Gained mutation: A meltable icy envelope protects you from
                  | harm. (AC +8) [demonic ancestry]
 43618 | Depths:4 | Reached XP level 24. HP: 195/195 MP: 23/23
 43619 | Depths:4 | Received a gift from Trog
 43706 | Depths:4 | Found a broken altar of Ashenzari.
 43842 | Depths:4 | Found a gate to the Realm of Zot.
 44200 | Crypt:1  | Entered Level 1 of the Crypt
 44284 | Crypt:1  | Reached skill level 21 in Axes
 44473 | Crypt:1  | Noticed Boris
 44478 | Crypt:1  | Killed Boris
 44690 | Crypt:1  | Received a gift from Trog
 44844 | Crypt:2  | Noticed Woadakig's ghost (veteran FoFi)
 44844 | Crypt:2  | Found a runed translucent gate.
 44844 | Crypt:2  | Found a runed translucent gate.
 44844 | Crypt:2  | Found a runed translucent gate.
 45335 | Crypt:2  | Killed Woadakig's ghost
 45345 | Crypt:2  | Identified the amulet of Gajysou {RegenMP Regen+ rCorr
                  | Dex-4 SInv}
 45380 | Crypt:3  | Entered Level 3 of the Crypt
 45486 | Crypt:3  | Received a gift from Trog
 45726 | Crypt:3  | Reached skill level 15 in Shields
 45747 | Crypt:3  | Found a staircase to the Tomb.
 46002 | Crypt:3  | Found an ancient bone altar of Kikubaaqudgha.
 46325 | Crypt:3  | Identified the ring "Talum" {rElec rF- rN+++ Str+6 Slay+3}
 46329 | Crypt:3  | Received a gift from Trog
 46377 | Crypt:3  | Noticed an ancient lich
 46382 | Crypt:3  | Killed an ancient lich
 46913 | Crypt:3  | Reached XP level 25. HP: 99/200 MP: 23/23
 47008 | Crypt:3  | Identified the staff of Lies {rF- rN+ rCorr Str+3 Stlth+
                  | Necro}
 47583 | Snake:4  | Bought the macabre finger necklace {Finger+ rN+} for 520
                  | gold pieces
 47583 | Snake:4  | Found the macabre finger necklace {Finger+ rN+}
 47962 | Vaults:5 | Entered Level 5 of the Vaults
 47990 | Vaults:5 | Identified the +9 hand axe of Geam {flame, rC+ rN+} (Trog
                  | gifted it to you on level 5 of the Vaults)
 47990 | Vaults:5 | Received a gift from Trog
 47999 | Vaults:5 | Reached skill level 22 in Axes
 48009 | Vaults:5 | Noticed an ancient lich
 48013 | Vaults:5 | Identified the +2 lajatang of Unpleasantness {freeze,
                  | ^Fragile Will+ Str+3}
 48023 | Vaults:5 | Killed an ancient lich
 48155 | Vaults:5 | Identified the +1 robe "Kirghah" {rN+ Dex+2}
 48159 | Vaults:5 | Identified the +5 scale mail "Syent" {Str+2}
 48162 | Vaults:5 | Identified the staff of the Known World {rElec rCorr Str+3
                  | Dex-5 Air}
 48180 | Vaults:5 | Noticed a dread lich
 48183 | Vaults:5 | Paralysed by a dread lich for 3 turns
 48186 | Vaults:5 | Killed a dread lich
 48192 | Vaults:5 | Identified the +5 hand axe "Killer Bee's Doom" {flame,
                  | rElec} (Trog gifted it to you on level 5 of the Vaults)
 48192 | Vaults:5 | Received a gift from Trog
 48409 | Vaults:5 | Received a gift from Trog
 48437 | Vaults:5 | Found the +4 robe of Folly {Brill Will-∞ Int+8}
 48467 | Vaults:5 | Got a silver rune of Zot
 48705 | Vaults:5 | Identified the +8 short sword "Qihum" {freeze, ^Fragile rC+
                  | Str+2 Stlth+}
 49339 | Zot:1    | Entered Level 1 of the Realm of Zot
 49438 | Zot:1    | Gained mutation: You are completely covered in slimy green
                  | scales. (AC +4, rPois) [demonic ancestry]
 49438 | Zot:1    | Reached XP level 26. HP: 152/213 MP: 23/23
 49741 | Zot:1    | Identified the +0 scale mail "Xeinosk" {rPois rC+}
 50285 | Zot:2    | Gained mutation: You are vulnerable to cold. (rC-)
                  | [mutagenic glow]
 50297 | Zot:2    | Gained mutation: Armour fits poorly on your strangely
                  | shaped body. [mutagenic glow]
 50305 | Zot:2    | Received a gift from Trog
 50305 | Zot:2    | Gained mutation: You occasionally shout uncontrollably at
                  | your foes. [mutagenic glow]
 50323 | Zot:1    | Gained mutation: You have hidden genetic defects.
                  | [mutagenic glow]
 50535 | Zot:1    | Lost mutation: You occasionally shout uncontrollably at
                  | your foes. [potion of mutation]
 50535 | Zot:1    | Lost mutation: You are vulnerable to cold. (rC-) [potion of
                  | mutation]
 50535 | Zot:1    | Lost mutation: Armour fits poorly on your strangely shaped
                  | body. [potion of mutation]
 50535 | Zot:1    | Gained mutation: You are agile. (Dex +4, Str/Int -1)
                  | [potion of mutation]
 50535 | Zot:1    | Gained mutation: Your body sometimes deteriorates upon
                  | taking damage. [potion of mutation]
 50536 | Zot:1    | Lost mutation: You have hidden genetic defects. [potion of
                  | mutation]
 50536 | Zot:1    | Lost mutation: Your body sometimes deteriorates upon taking
                  | damage. [potion of mutation]
 50536 | Zot:1    | Gained mutation: You are weak. (Str -2) [potion of
                  | mutation]
 50536 | Zot:1    | Lost mutation: You are weak. (Str -2) [potion of mutation]
 50536 | Zot:1    | Gained mutation: You expend magic power (3 MP) to
                  | strengthen your wands. [potion of mutation]
 51228 | Zot:3    | Reached skill level 23 in Axes
 51348 | Zot:3    | Received a gift from Trog
 51438 | Zot:3    | You are sucked into a shaft and drop 1 floor!
 52422 | Zot:5    | Entered Level 5 of the Realm of Zot
 52960 | Zot:5    | Received a gift from Trog
 53042 | Zot:5    | Noticed an ancient lich
 53050 | Zot:5    | Killed an ancient lich
 53051 | Zot:5    | Noticed an ancient lich
 53058 | Zot:5    | Killed an ancient lich
 53301 | Zot:5    | Noticed an orb of fire
 53307 | Zot:5    | Gained mutation: You occasionally lose the ability to drink
                  | potions when taking damage. [an orb of fire]
 53308 | Zot:5    | Killed an orb of fire
 53309 | Zot:5    | Reached XP level 27. HP: 222/222 MP: 23/23
 53309 | Zot:5    | Noticed an orb of fire
 53316 | Zot:5    | Noticed an orb of fire
 53320 | Zot:5    | Gained mutation: You are frail. (-10% HP) [an orb of fire]
 53321 | Zot:5    | Noticed an orb of fire
 53324 | Zot:5    | Gained mutation: You are weak. (Str -2) [an orb of fire]
 53325 | Zot:5    | Gained mutation: You are very weak. (Str -4) [an orb of
                  | fire]
 53326 | Zot:5    | Gained mutation: You occasionally shout uncontrollably at
                  | your foes. [an orb of fire]
 53328 | Zot:5    | Killed an orb of fire
 53328 | Zot:5    | Gained mutation: You sometimes lose your temper in combat.
                  | [an orb of fire]
 53330 | Zot:5    | Gained mutation: Your magical capacity is low. (-10% MP)
                  | [an orb of fire]
 53331 | Zot:5    | Killed an orb of fire
 53334 | Zot:5    | Lost mutation: You sometimes lose your temper in combat.
                  | [potion of mutation]
 53334 | Zot:5    | Lost mutation: You are agile. (Dex +4, Str/Int -1) [potion
                  | of mutation]
 53334 | Zot:5    | Gained mutation: You have hidden genetic potential. [potion
                  | of mutation]
 53334 | Zot:5    | Gained mutation: You have sharp toenails. [potion of
                  | mutation]
 53334 | Zot:5    | Lost mutation: You are very weak. (Str -4) [potion of
                  | mutation]
 53335 | Zot:5    | Lost mutation: You are weak. (Str -2) [potion of mutation]
 53335 | Zot:5    | Lost mutation: Your magical capacity is low. (-10% MP)
                  | [potion of mutation]
 53335 | Zot:5    | Gained mutation: Your health recovers twice as slowly from
                  | being drained. [potion of mutation]
 53335 | Zot:5    | Gained mutation: You have great hidden genetic potential.
                  | [potion of mutation]
 53336 | Zot:5    | Lost mutation: You have great hidden genetic potential.
                  | [potion of mutation]
 53336 | Zot:5    | Lost mutation: You have sharp toenails. [potion of
                  | mutation]
 53336 | Zot:5    | Gained mutation: You possess an exceptional clarity of
                  | mind. [potion of mutation]
 53495 | Zot:5    | Noticed an orb of fire
 53496 | Zot:5    | Noticed an orb of fire
 53502 | Zot:5    | Gained mutation: You are very frail. (-20% HP) [an orb of
                  | fire]
 53503 | Zot:5    | Lost mutation: Your health recovers twice as slowly from
                  | being drained. [an orb of fire]
 53504 | Zot:5    | Killed an orb of fire
 53506 | Zot:5    | Noticed a dread lich
 53513 | Zot:5    | Killed an orb of fire
 53516 | Zot:5    | Killed a dread lich
 53666 | Zot:5    | Noticed a dread lich
 53674 | Zot:5    | Killed a dread lich
 53675 | Zot:5    | Reached skill level 24 in Axes
 53688 | Zot:5    | Noticed an orb of fire
 53694 | Zot:5    | Gained mutation: You occasionally lose the ability to read
                  | scrolls when taking damage. [an orb of fire]
 53699 | Zot:5    | Killed an orb of fire
 53718 | Zot:5    | Noticed an orb of fire
 53723 | Zot:5    | Gained mutation: You are dopey. (Int -2) [an orb of fire]
 53731 | Zot:5    | Gained mutation: You are weak. (Str -2) [an orb of fire]
 53734 | Zot:5    | Gained mutation: You frequently scream uncontrollably at
                  | your foes. [an orb of fire]
 53736 | Zot:5    | Killed an orb of fire
 54255 | Zot:5    | Got the Orb of Zot
 54275 | Zot:5    | Noticed Boris
 54282 | Zot:5    | Killed Boris
 54285 | Zot:5    | Noticed Feumum the pandemonium lord
 54299 | Zot:5    | Gained mutation: Armour fits poorly on your strangely
                  | shaped body. [an orb of fire]
 54370 | Zot:2    | Received a gift from Trog
 54987 | D:$      | Escaped with the Orb!

Illustrated notes

Levels and vault maps discovered:
D:1:      dpeg_arrival_short_road, layout_basic, serial_shops,
          nicolae_shop_trees, kennysheep_nondescript, grunt_decor_cap,
          hangedman_decor_lopped, chequers_serial_rivers_small_a,
          hangedman_abyss_or_decor_stabs
D:2:      layout_basic, serial_shops, shop, hex_tiny, grunt_decor_resistance,
          grunt_ministairs_12
D:3:      layout_rooms, uniq_grinder
D:4:      layout_cave_pods
D:5:      layout_basic
D:6:      layout_loops_ring, old_standard_altar, nrook_mini_backslash
D:7:      layout_rooms, minmay_temple_entry_statues_pillars,
          serial_corexii_hall, corexii_hall_statues_t, chequers_hall_statues_y,
          corexii_hall_statues_l
D:8:      layout_rooms
D:9:      layout_basic, nicolae_overflow_crystal_walls,
          mainiacjoe_overflow_paths, mainiacjoe_overflow_small_starburst,
          david_lair_generic, serial_shops, nicolae_shop_getting_attention,
          hangedman_decor_opposing, dreamdust_gnoll_shepherd
D:10:     layout_small_grid
D:11:     layout_basic, serial_shops, bzr_entry_gold
D:12:     layout_loops_ring, david_orc_4
D:13:     layout_rooms, david_vaults_5, minmay_lindwurm_lava, uniq_lodul
D:14:     layout_loops_ring, minmay_misc_feat_five, gammafunk_ghost_ooze,
          gauntlet_entry_generic
D:15:     gammafunk_enter_depths_forms, layout_long_grid,
          minmay_tree_intersection, fungi_pond_lemuel,
          minmay_misc_feat_diagonals, grunt_decor_clamped,
          hangedman_decor_riveting
Lair:1:   layout_long_grid, nicolae_lair_liquid_snakes, uniq_joseph
Lair:2:   layout_layer_cave, lemuel_fruit_fields
Lair:3:   layout_concentric_octagons, elwin_shoals_entry_rocks,
          dummy_snake_entry, grunt_megastairs_3, uniq_fannar, uniq_snorg,
          uniq_nergalle
Lair:4:   layout_regular_city, enter_volcano_2, uniq_josephine
Lair:5:   gammafunk_lair_ancient_temple, layout_regular_city, slime_entry_1,
          ebering_ghost_rock_garden, minivault_24,
          nicolae_lair_grove_arrangements
Shoals:1: nicolae_shoals_deep_elves_summer_vacation, layout_shoals,
          ebering_ghost_davey_jones, uniq_kirke
Shoals:2: layout_shoals, serial_shops, shop, gammafunk_ghost_cemetery,
          st_shoals_ruin
Shoals:3: layout_shoals
Shoals:4: shoals_end_grunt_ice, layout_shoals, uniq_donald, uniq_nikola,
          uniq_mlioglotl, uniq_louise
Snake:1:  layout_cave_pods, portal_ice_cave_entry_pillars_three,
          grunt_ministairs_1, nicolae_snake_serpentine_bazaar
Snake:2:  layout_honeycomb, serial_shops, shop
Snake:3:  layout_cave_town, serial_shops, nicolae_shop_window_shopping
Snake:4:  snake_pit, layout_cave_town, minmay_shop_grove
Orc:1:    layout_caves, serial_shops, shop, basic_altar,
          gammafunk_ghost_cemetery
Orc:2:    grunt_orc_gardens, layout_caves, grunt_orc_garden, grunt_orc_garden,
          grunt_orc_garden, grunt_orc_garden, gammafunk_ghost_cemetery,
          nicolae_orc_found_a_spring, nicolae_specific_store
Elf:1:    nicolae_elf_arrival_fired_up, layout_geoelf_diagonals, serial_shops,
          nicolae_diamond_shop, ebering_ghost_reflecting_pool,
          minmay_elf_annihilation, grunt_megastairs_2
Elf:2:    elven_hall_of_blades_hangedman_original
          [nicolae_vaults_blade_armed_guards], layout_loops_ring,
          nicolae_shop_sticking_my_neck_out, uniq_asterion
Elf:3:    minmay_elf_hall_not_hex, layout_geoelf_diagonals, uniq_boris
Vaults:1: portal_desolation_entry_nicolae_slug, nicolae_vaults_sesquioval_fish,
          v_misc_27, v_misc_24, nicolae_vaults_mitosis,
          nicolae_vaults_closet_pinwheel_5, vaults_room_grid, vaults_mumra_hex,
          nicolae_vaults_trapezoid_lopsided_3, nicolae_vaults_mini_display_case,
          nicolae_vaults_tetromino_Z_2, layout_vaults_omnigrid, serial_shops,
          shop
Vaults:2: nicolae_vaults_three_branches, nicolae_vaults_surprise_closet,
          nicolae_vaults_more_shelving_2, v_rooms_6,
          hangedman_surveillance_ring, nicolae_vaults_trapezoid_lopsided_3,
          v_rooms_1, v_misc_12, nicolae_vaults_apartment_1, vaults_dpeg_ring,
          nicolae_vaults_tetromino_L_1, nicolae_vaults_house_3,
          vaults_dpeg_emergency_exit, layout_vaults_chaotic_city, serial_shops,
          shop, enter_trove_5
Vaults:3: v_rooms_3, v_misc_22, minmay_crypt_entry_simple_walls,
          nicolae_vaults_windows_and_doors_thing, nicolae_vaults_stepped_doors,
          nicolae_vaults_network_quinsquares
          [nicolae_vaults_network_quincunx_subvault,
          nicolae_vaults_network_quincunx_subvault,
          nicolae_vaults_network_quincunx_subvault,
          nicolae_vaults_network_quincunx_subvault],
          nicolae_vaults_sightless_eye, hangedman_vaults_nodes,
          nicolae_vaults_tangram_1, nicolae_vaults_library_corner,
          vaults_dpeg_spiral, layout_vaults_omnicross, serial_shops,
          nicolae_shop_statue_plus
Vaults:4: vaults_dpeg_diagonal, v_alt_pattern_2,
          serial_library_hellmonk_open_cross, nicolae_vaults_heart-shaped_vault,
          v_alt_pattern_1, hangedman_vaults_unwind, v_misc_17,
          hangedman_vaults_cutoff, ontoclasm_vaults_loading_screen,
          nicolae_vaults_twisting_passages, v_misc_19, vaults_mumra_lcd,
          vaults_dpeg_cross, ontoclasm_vaults_decontamination,
          hangedman_vaults_corner, layout_vaults_omnibox, serial_shops,
          freezing_bzr, uniq_margery
Vaults:5: serial_shops
Crypt:1:  layout_regular_city
Crypt:2:  layout_rooms, gammafunk_ghost_necromancy
Crypt:3:  evilmike_haunted_forest
Depths:1: layout_cave_shapes, lightli_too_deep, ebering_ghost_disaster_area,
          nicolae_elyvilon_temple_path, serial_shops, bzr_entry_islet,
          hangedman_abyss_entry_splay, grunt_ministairs_2, kennysheep_boxes
Depths:2: minmay_tri_stars, layout_gridlike, pan_entry, hell_entry,
          serial_bayou_lagoon_a
Depths:3: hellmonk_hyper_hexagons [hex_subvault_fishy, hex_subvault_rooms,
          hex_subvault_big_grid, hex_subvault_crossings, hex_subvault_village,
          hex_subvault_ellipse_pattern], abyss_entry, hell_entry
Depths:4: grunt_zot_entry_hairpin, layout_long_grid, enter_ziggurat_a,
          cheibrodos_ashenzari_chains, hell_entry, serial_shops, shop,
          abyss_entry, minmay_shop_star
Zot:1:    layout_basic, regret_index_zotdec_onion_hex
Zot:2:    layout_misc_corridors
Zot:3:    kennysheep_bubbly, layout_misc_corridors
Zot:4:    layout_twisted_circle, st_stairs_4
Zot:5:    layout_basic

Skill      XL: |  1  2  3  4  5  6  7  8  9 10 11 12 13 14 15 16 17 18 19 20 21 22 23 24 25 26 27 |
---------------+----------------------------------------------------------------------------------+-----
Axes           | 3 4 5 7 8 10 11 12 13 14 15 16 17 18 19 20 21 22 23 24 | 24.2
Armour         | 2 3 4 5 6 7 8 9 10 11 12 13 14 15 16 17 18 | 18.2
Dodging        | 2 3 4 5 6 7 8 9 11 12 14 15 16 17 18 19 20 21 | 21.0
Fighting       | 4 5 6 7 8 9 10 11 12 13 14 15 16 17 18 19 | 19.9
Shields        | 2 4 6 7 8 9 10 11 12 13 14 15 16 17 | 17.1
Shapeshifting  | 4 7 12 16 17 18 19 20 | 20.7

Action                     |  1- 3 |  4- 6 |  7- 9 | 10-12 | 13-15 | 16-18 | 19-21 | 22-24 | 25-27 || total
---------------------------+-------+-------+-------+-------+-------+-------+-------+-------+-------++-------
  Melee: Hand axe          |    99 |    92 |   251 |    18 |       |       |       |       |       ||   460
         Punch             |     2 |       |     4 |     2 |       |       |       |       |       ||     8
         Headbutt          |       |     6 |    61 |    85 |   131 |   185 |   185 |   256 |   192 ||  1101
         War axe           |       |       |       |   357 |   135 |       |       |       |       ||   492
         Broad axe         |       |       |       |       |   359 |   864 |   778 |   906 |   703 ||  3610
 Invoke: Berserk           |     3 |     3 |     8 |    15 |    19 |    15 |     4 |       |     3 ||    70
         Trog's Hand       |       |       |       |     1 |     1 |     5 |       |       |       ||     7
         Brothers in Arms  |       |       |       |       |     2 |     7 |       |       |       ||     9
  Evoke: Wand              |       |       |     3 |    15 |       |     6 |       |     2 |       ||    26
    Use: Scroll            |       |     7 |     6 |     8 |     5 |    13 |     7 |     4 |     7 ||    57
         Potion            |       |       |       |       |     7 |       |       |       |    11 ||    18
   Stab: Paralysed         |       |       |     5 |    12 |       |       |       |       |       ||    17
         Distracted        |       |       |       |       |     1 |     2 |     1 |     2 |       ||     6
         Confused          |       |       |       |       |       |     1 |       |       |       ||     1
         Sleeping          |       |       |       |       |       |       |     1 |       |       ||     1
 Armour: Animal skin       |    43 |    23 |       |       |       |       |       |       |       ||    66
         Ring mail         |       |    26 |    67 |       |       |       |       |       |       ||    93
         Steam dragon scal |       |       |    40 |    68 |       |       |       |       |       ||   108
         Acid dragon scale |       |       |       |   147 |    73 |       |       |       |       ||   220
         Chain mail        |       |       |       |       |   434 |       |       |       |       ||   434
         Plate armour      |       |       |       |       |    39 |   216 |       |       |       ||   255
         Skin              |       |       |       |       |       |   969 |   740 |   664 |   995 ||  3368
  Dodge: Dodged            |    62 |   106 |   190 |   258 |   450 |  1130 |   841 |   899 |  1016 ||  4952
  Block: Other             |       |       |    49 |     1 |       |       |       |       |       ||    50
         Kite shield       |       |       |       |   263 |   507 |   641 |   899 |  1313 |  1150 ||  4773
         Tower shield      |       |       |       |       |       |  1123 |   331 |       |       ||  1454
   Form: Statue            |       |       |       |       |       |     1 |     1 |       |       ||     2
                           |       |       |       |       |       |       |     1 |       |       ||     1
